 Dungeon Crawl Stone Soup version 0.30-a0-743-gbfdf073431 (webtiles) character file.

Game seed: 8202265732381033976

53 retardedninja the Trooper (level 3, -1/33 HPs)
             Began as a Hill Orc Fighter on Feb 7, 2023.
             Killed from afar by an orc wizard (8 damage)
             ... with a magic dart
             ... on level 3 of the Dungeon.
             The game lasted 00:02:07 (1679 turns).

retardedninja the Trooper (Hill Orc Fighter)        Turns: 1679, Time: 00:02:08

Health: -1/33      AC: 10    Str: 20    XL:     3   Next: 89%
Magic:  3/3        EV:  7    Int:  8    God:
Gold:   96         SH:  4    Dex: 10    Spells: 2/2 levels left

rFire   + . .      SeeInvis .    a - +0 war axe
rCold   + . .      Faith    .    c - +0 buckler
rNeg    . . .      Spirit   .    g - +0 chain mail
rPois   +          Reflect  .    (no helmet)
rElec   +          Harm     .    (no cloak)
rCorr   +          Rampage  .    (no gloves)
Will    .....                    k - +0 pair of boots Stlth
                                 (no amulet)
HPRegen 0.25/turn                (no ring)
MPRegen 0.08/turn                (no ring)

@: mighty, resistant
A: no striking features
a: no special abilities


You were on level 3 of the Dungeon.
You visited 1 branch of the dungeon, and saw 3 of its levels.

You collected 96 gold pieces.

Inventory:

Hand Weapons
 a - a +0 war axe (weapon)
Armour
 c - a +0 buckler (worn)
 g - a +0 chain mail (worn)
 k - a +0 pair of boots (worn)
Jewellery
 b - a ring of wizardry
Scrolls
 e - 6 scrolls of identify {unknown}
 f - a scroll of blinking {unknown}
 j - a scroll of poison {unknown}
 q - a scroll of magic mapping {unknown}
Potions
 h - a potion of mutation {unknown}
 i - a potion of haste {unknown}
 l - a potion of resistance
 m - a potion of brilliance {unknown}
 n - a potion of degeneration {unknown}
 p - a potion of lignification {unknown}


   Skills:
 + Level 4.2 Fighting
 + Level 3.5 Axes
 + Level 3.8 Armour
 + Level 3.8 Shields


You had 2 spell levels left.
You didn't know any spells.
Your spell library was empty.

Dungeon Overview and Level Annotations

Branches:
Dungeon (3/15)

Altars:


Message History

A puff of flame appears from out of thin air!
The puff of flame hits you. You resist.
* * * LOW HITPOINT WARNING * * *
It was a potion of curing.
You feel better.
The goblin shoots a sling bullet.
The sling bullet barely misses you. The orc hits you with a +0 mace.
You block something's attack.
You feel better.
The goblin shoots a sling bullet.
The sling bullet barely misses you. The orc hits you but does no damage.
Something hits you but does no damage.
You slash the orc!
You kill the orc!
You closely miss something.
The goblin shoots a sling bullet.
You block the sling bullet. Something hits you but does no damage.
The goblin shoots a sling bullet.
The sling bullet hits you.
You hear some strange, mumbled words.
A puff of flame appears from out of thin air!
The puff of flame hits you. You resist.
* * * LOW HITPOINT WARNING * * *
Things that are here:
a +0 mace; an orc corpse You closely miss something.
The goblin shoots a sling bullet.
You block the sling bullet.
You hear some strange, mumbled words.
A puff of flame appears from out of thin air!
The puff of flame misses you.
The goblin shoots a sling bullet.
The sling bullet hits you but does no damage.
You barely miss something.
You hear some strange, mumbled words.
A puff of flame appears from out of thin air!
The puff of flame hits you. You resist.
* * * LOW HITPOINT WARNING * * *
The goblin shoots a sling bullet.
The sling bullet hits you but does no damage.
You hear some strange, mumbled words.
Something tries to affect you, but you resist.
You barely miss something.
The goblin shoots a sling bullet.
You hear some strange, mumbled words.
A magic dart appears from out of thin air!
The magic dart hits you!
You die...

.. #. #. #. #+#
######. #.#
.......## #.#
........## #.#
######
.......g)## #.#
#.....
)...$..#{@#
##.###.####
....$..##.#
###<.....#
.......
#.####....######
#######
#...#..###.....#
###...####.###.#
##>......#
#########


You could see a goblin.

Vanquished Creatures
  An adder (D:3)
  A worm (D:3)
  3 orcs (D:3)
  5 bats
  3 endoplasms
  6 goblins
  3 hobgoblins
  3 jackals (D:3)
  2 kobolds (D:2)
  2 quokkas
  A ball python (D:2)
  A frilled lizard (D:2)
  2 rats (D:2)
33 creatures vanquished.

Vanquished Creatures (others)
  4 plants (D:2)
4 creatures vanquished.

Grand Total: 37 creatures vanquished

Notes
Turn   | Place    | Note
-------+----------+-------------------------------------------
     0 | D:1      | retardedninja the Hill Orc Fighter began the quest for the
                  | Orb.
     0 | D:1      | Reached XP level 1. HP: 19/19 MP: 1/1
    79 | D:1      | Reached XP level 2. HP: 27/27 MP: 2/2
   786 | D:2      | Reached skill level 4 in Fighting
  1001 | D:2      | Reached XP level 3. HP: 33/33 MP: 3/3
  1414 | D:3      | Found a faded altar of an unknown god.
  1679 | D:3      | Killed from afar by an orc wizard

Illustrated notes

Levels and vault maps discovered:
D:1:      minmay_arrival_plants_in_alcoves, layout_basic, grunt_decor_junction
D:2:      layout_loops_ring, serial_bayou_lagoon_b
D:3:      layout_basic, chequers_ecumenical_altar_simple_redux, serial_shops,
          nicolae_square_shop, minmay_three_crescents, uniq_jessica, uniq_ijyb,
          uniq_natasha

Skill      XL: |  1  2 |
---------------+-------+-----
Axes           | 3 |  3.5
Fighting       | 4 |  4.2
Armour         | |  3.8
Shields        | |  3.8

Action                     || total
---------------------------++-------
  Melee: War axe           ||   116
    Use: Potion            ||     4
 Armour: Scale mail        ||     5
         Chain mail        ||   103
  Dodge: Dodged            ||    53
  Block: Buckler           ||    30

Table legend: (Time is in decaauts)
 A = Elapsed time spent in this place.
 B = Non-inter-level travel time spent in this place.
 C = Inter-level travel time spent in this place.
 D = Time resting spent in this place.
 E = Time spent auto-exploring this place.
 F = Levels seen in this place.
 G = Mean time per level.
                   A        B        C        D        E       F      G
               +--------+--------+--------+--------+--------+-----+--------+
         Total |   1737 |   1627 |    110 |    168 |   1104 |   3 |  579.0 |
       Dungeon |   1737 |   1627 |    110 |    168 |   1104 |   3 |  579.0 |
               +--------+--------+--------+--------+--------+-----+--------+

Top non-repeatable levels by time:
     D:2: 808 daAuts
     D:1: 649 daAuts
     D:3: 279 daAuts
